Map: Lerilak Crest

Players

Nina (Lillekanin)

  • Race: Terran Terran
  • League: Diamond

EndOfLine - Winner!

  • Race: Zerg Zerg
  • League: Master

Event: ASL Season 5 Prime League LOTV Beta

VOD

Have the link to the VOD?

Description

Time

  • Played on: Sept. 1, 2015, 9:55 p.m.
  • Length: 7:00

All games in this series

Show
View Real Time Build Order
Export as new Build Order

Nina Terran 

Build Orders:  

Get SALT Encoding   

  12  0:01  SCV  
  13  0:13  SCV  
  14  0:18  Supply Depot  
  14  0:25  SCV  
  15  0:40  SCV  
  15  0:41  Barracks  
  16  0:45  Refinery  
  16  0:52  SCV  
  17  1:04  SCV  
  18  1:16  SCV  
  19  1:28  SCV  
  19  1:29  Barracks Reactor  
  20  1:36  Command Center  
  20  1:40  SCV  
  21  1:56  Orbital Command  
  21  2:01  Barracks  
  21  2:05  Reaper x2  
  23  2:10  Refinery  
  23  2:20  Barracks  
  23  2:26  SCV  
  24  2:37  Reaper  
  24  2:39  Reaper  
  24  2:41  SCV  
  27  2:54  SCV  
  27  2:57  SCV  
  29  3:01  Reaper, Bunker  
  30  3:06  SCV  
  30  3:09  Reaper x2  
  30  3:12  SCV  
  34  3:18  SCV  
  35  3:21  Supply Depot  
  35  3:23  Reaper  
  35  3:26  SCV  
  37  3:33  Reaper  
  38  3:41  Reaper  
  38  3:43  Reaper  
  40  3:55  Reaper  
  41  3:56  SCV x2  
  43  4:08  SCV  
  43  4:09  Command Center, SCV  
  44  4:15  Reaper x2  
  46  4:20  SCV  
  46  4:21  SCV  
  46  4:23  Bunker  
  48  4:24  Reaper  
  48  4:29  Reaper  
  50  4:32  SCV  
  50  4:33  SCV  
  52  4:44  SCV  
  52  4:45  SCV  
  50  4:47  Reaper  
  50  4:49  Reaper  
  52  4:56  SCV  
  52  4:57  SCV, Reaper  
  55  5:00  Supply Depot  
  55  5:08  SCV  
  55  5:09  SCV  
  57  5:20  SCV, Refinery  
  58  5:21  SCV, Factory  
  59  5:31  Reaper  
  59  5:33  SCV x2  
  62  5:36  Barracks Tech Lab x2, Engineering Bay  
  62  5:37  Engineering Bay  
  62  5:44  SCV  
  62  5:45  SCV x2  
  65  5:50  Reaper  
  58  6:14  Marauder x2  
  51  6:35  Marauder  
  51  6:36  Marauder  
  53  6:42  SCV x2  
  48  6:47  SCV  
Show
View Real Time Build Order
Export as new Build Order

EndOfLine Zerg - Winner!

Build Orders: Hatch First 

Get SALT Encoding   

  12  0:01  Drone  
  13  0:14  Overlord  
  13  0:18  Drone  
  14  0:32  Drone x2  
  16  0:36  Drone  
  17  0:54  Hatchery  
  17  0:56  Drone  
  17  0:58  Drone  
  18  1:12  Spawning Pool  
  18  1:14  Drone  
  18  1:19  Drone, Extractor  
  18  1:31  Drone  
  19  1:46  Hatchery  
  18  1:58  Queen  
  20  2:07  Queen  
  22  2:09  Zergling x4  
  24  2:16  Drone  
  24  2:17  Drone  
  24  2:19  Drone  
  27  2:26  Overlord  
  27  2:32  Metabolic Boost  
  27  2:36  Drone  
  27  2:56  Drone  
  27  2:57  Drone x4  
  31  3:00  Spine Crawler, Zergling x4  
  33  3:05  Zergling x2  
  33  3:06  Zergling x2  
  33  3:09  Zergling x2  
  33  3:11  Zergling x2  
  36  3:14  Zergling x2  
  37  3:21  Zergling x4  
  39  3:27  Roach Warren  
  38  3:37  Zergling x4  
  38  3:38  Zergling x4  
  38  3:56  Zergling x6  
  38  3:57  Zergling x2  
  38  3:58  Overlord x2  
  41  4:13  Overlord  
  40  4:18  Roach x2  
  40  4:19  Roach x4  
  40  4:24  Overlord  
  52  4:30  Drone x2  
  54  4:43  Roach x2  
  54  4:44  Roach x2  
  60  4:48  Ravager  
  61  4:57  Roach x3  
  62  5:15  Roach  
  62  5:16  Roach, Zergling x2  
  62  5:17  Zergling x12  
  73  5:25  Overlord x2  
  73  5:30  Baneling Nest  
  73  5:32  Extractor  
  73  5:34  Zergling x4  
  68  5:51  Zergling x2  
  68  5:52  Zergling x14  
  67  6:14  Zergling x2  
  67  6:15  Zergling x14  
  73  6:21  Zergling x2  
  73  6:22  Zergling x4  
  71  6:27  Drone x3  
  72  6:36  Zergling x2  
  66  6:43  Zergling x4  
Tags
 
Add a new tag
Caveats
  • Supply blocks, unpowered buildings, or Contaminate may cause inaccurate times.
  • Supply counts are checked every 10 seconds.